 Dungeon Crawl Stone Soup version 0.30-a0-1016-gfb0d676c02 (webtiles) character file.

Game seed: 13622795982490699389

308 DeathPants the Trooper (level 6, -4/47 HPs)
             Began as a Demonspawn Gladiator on Apr 6, 2023.
             Was an Initiate of Gozag.
             Succumbed to an orc wizard's poison
             ... on level 5 of the Dungeon.
             The game lasted 00:12:05 (3079 turns).

DeathPants the Trooper (Demonspawn Gladiator)       Turns: 3079, Time: 00:12:06

Health: -4/47      AC:  5    Str: 14    XL:     6   Next: 17%
Magic:  9/9        EV: 12    Int: 12    God:    Gozag
Gold:   229        SH:  0    Dex: 18    Spells: 7/10 levels left

rFire   . . .      SeeInvis .    a - +0 dagger (venom)
rCold   . . .      Faith    .    (no shield)
rNeg    + . .      Spirit   .    i - +0 leather armour
rPois   .          Reflect  .    (helmet restricted)
rElec   .          Rampage  .    k - +1 cloak
rCorr   .                        (no gloves)
Will    .....                    (no boots)
Stlth   ++++                     (no amulet)
HPRegen 0.27/turn                v - ring of positive energy
MPRegen 0.11/turn                (no ring)

@: lethally poisoned (-4 -> -28)
A: horns 1, thin skeletal structure 2, powered by pain 1, demonic magic 1
a: Renounce Religion, Potion Petition, Call Merchant, Bribe Branch


You were on level 5 of the Dungeon.
You worshipped Gozag.
Gozag was aware of your devotion.
You visited 1 branch of the dungeon, and saw 5 of its levels.

You collected 296 gold pieces.
You paid 67 gold pieces to Gozag.

Inventory:

Hand Weapons
 a - a +0 dagger of venom (weapon)
 b - a +3 short sword
 g - a +0 antimagic whip
 p - a +0 long sword
Missiles
 d - 2 throwing nets (quivered)
 e - a javelin
 n - 5 poisoned darts
 x - 2 datura-tipped darts
Armour
 i - a +0 leather armour (worn)
 k - a +1 cloak (worn)
Jewellery
 v - a ring of positive energy (left hand)
Wands
 A - a wand of mindburst (16)
Scrolls
 c - a scroll of teleportation
 m - a scroll of vulnerability
 y - a scroll of amnesia
Potions
 f - 2 potions of curing
 h - a potion of attraction
 j - 4 potions of heal wounds
 l - a potion of ambrosia {unknown}
 o - a potion of might
 q - a potion of mutation
 r - a potion of flight
 w - a potion of haste {unknown}


   Skills:
 + Level 3.5 Fighting
 + Level 2.0(3.0) Short Blades
 - Level 3.3(3.6) Long Blades
 - Level 1.7 Throwing
 - Level 2.6 Dodging
 - Level 0.5 Stealth
 + Level 2.5 Spellcasting
 + Level 2.4 Hexes


You had 7 spell levels left.
You knew the following spells:

 Your Spells              Type           Power      Damage    Failure   Level
a - Tukima's Dance        Hex            7%         N/A       34%         3

Your spell library contained the following spells:

 Spells                   Type           Power      Damage    Failure   Level
 Sandblast                Erth           2%         2d4       32%         1
 Passwall                 Tmut/Erth      0%         N/A       45%         2
 Poisonous Vapours        Pois/Air       2%         N/A       45%         2
 Dazzling Flash           Conj/Hex       8%         N/A       52%         3
 Mephitic Cloud           Conj/Pois/Air  1%         N/A       69%         3
 Stone Arrow              Conj/Erth      2%         3d7       69%         3
 Vhi's Electric Charge    Tloc/Air       2%         N/A       69%         3
 Volatile Blastmotes      Fire/Tloc      2%         2d10      69%         3
 Iskenderun's Mystic Bla  Conj/Tloc      1%         2d3       97%         4
 Passage of Golubria      Tloc           1%         N/A       97%         4
 Yara's Violent Unravell  Hex/Tmut       2%         3d3       99%         5
 Arcjolt                  Conj/Air       0%         1d10      100%        5
 Freezing Cloud           Conj/Ice/Air   0%         6-21      100%        5
 Starburst                Conj/Fire      0%         6d3       100%        6
 Maxwell's Capacitive Co  Air            0%         ∞         100%        8


Dungeon Overview and Level Annotations

Branches:
Dungeon (5/15)
 Temple: D:4-7

Altars:
Gozag
Okawaru


Innate Abilities, Weirdness & Mutations

You have a pair of small horns on your head.
You have a moderately thin skeletal structure. (Dex +4, Stealth++)
You sometimes gain a little power by taking damage.
Spells you cast may paralyse adjacent enemies.


Message History

You are poisoned.
The orc closely misses you.
You hit the orc but do no damage.
The orc looks as sick as possible!
The orc is almost dead.
You feel very sick.
You kill the orc!
Something hits you but does no damage.
You are more poisoned.
You feel very sick. Something hits you.
Things that are here:
3 gold pieces; a +0 hand axe; a +0 ring mail You feel very sick.
Something hits you but does no damage.
You are more poisoned.
You feel very sick.
You feel sick. Something hits you but does no damage.
You are lethally poisoned!
* * * LOW HITPOINT WARNING * * *
You feel very sick.
You hit something.
* * * LOW HITPOINT WARNING * * *
You feel very sick.
You miss something.
* * * LOW HITPOINT WARNING * * *
You feel very sick. Something hits you.
* * * LOW HITPOINT WARNING * * *
You are more poisoned.
You hit something.
* * * LOW HITPOINT WARNING * * *
You feel very sick. Something hits you.
* * * LOW HITPOINT WARNING * * *
You are more poisoned.
The orc priest shouts!
You hit something.
You die...
Your body crumbles into a pile of gold.

#.[.......# #######....
#.........#####..........
##....##.................
#....##.................
#...o##.................
####.##.................
#....................
###.#######..........
#.@# #.......... ##{#
#########.. ###.# #.$.#
#$..+ #...# #...# #...#
...##


You could see an orc priest.

Vanquished Creatures
  A phantom (D:4)
  A scorpion (D:4)
  2 hounds
  An orc priest (D:3)
  An adder (D:3)
  2 worms (D:4)
  3 dart slugs
  4 orcs
  3 ball pythons
  8 bats
  9 endoplasms
  A giant cockroach (D:4)
  4 goblins
  4 hobgoblins
  3 quokkas
  2 frilled lizards
  8 kobolds
  5 rats
62 creatures vanquished.

Vanquished Creatures (others)
  3 fungi (D:2)
3 creatures vanquished.

Grand Total: 65 creatures vanquished

Notes
Turn   | Place    | Note
-------+----------+-------------------------------------------
     0 | D:1      | DeathPants the Demonspawn Gladiator began the quest for the
                  | Orb.
     0 | D:1      | Reached XP level 1. HP: 16/16 MP: 1/1
   174 | D:1      | Gained mutation: You have a somewhat thin skeletal
                  | structure. (Dex +2, Stealth+) [demonic ancestry]
   174 | D:1      | Reached XP level 2. HP: 16/22 MP: 2/2
   552 | D:1      | Gained mutation: You have a pair of small horns on your
                  | head. [demonic ancestry]
   552 | D:1      | Reached XP level 3. HP: 28/28 MP: 4/4
   663 | D:2      | Reached skill level 1 in Spellcasting
   694 | D:2      | Learned a level 3 spell: Tukima's Dance
   705 | D:2      | Found a faded altar of an unknown god.
  1753 | D:3      | Reached skill level 1 in Hexes
  1764 | D:4      | Noticed a black bear
  1860 | D:3      | Gained mutation: Spells you cast may paralyse adjacent
                  | enemies. [demonic ancestry]
  1860 | D:3      | Reached XP level 4. HP: 34/34 MP: 4/6
  2225 | D:4      | Noticed a scorpion
  2236 | D:4      | Killed a scorpion
  2237 | D:4      | Reached skill level 1 in Short Blades
  2237 | D:4      | Gained mutation: You have a moderately thin skeletal
                  | structure. (Dex +4, Stealth++) [demonic ancestry]
  2237 | D:4      | Reached XP level 5. HP: 41/41 MP: 6/8
  2260 | D:4      | Noticed a phantom
  2282 | D:4      | Killed a phantom
  2285 | D:4      | HP: 2/41 [worm (8)]
  2301 | D:4      | Found an opulent altar of Gozag.
  2312 | D:4      | Became a worshipper of Gozag Ym Sagoz the Greedy
  2483 | D:4      | Gained mutation: You sometimes gain a little power by
                  | taking damage. [demonic ancestry]
  2483 | D:4      | Reached XP level 6. HP: 43/47 MP: 9/9
  2588 | D:4      | Found an iron altar of Okawaru.
  2673 | D:5      | Entered Level 5 of the Dungeon
  3078 | D:5      | HP: 2/47 [poisoned by an orc wizard]
  3079 | D:5      | Succumbed to an orc wizard's poison

Illustrated notes

Levels and vault maps discovered:
D:1:      psy_arrival_terrarium, layout_rooms
D:2:      layout_loops_ring, shapermc_ecumenical_altar_gd
D:3:      layout_basic
D:4:      layout_rooms, grunt_gozag_breadcrumbs,
          mainiacjoe_overflow_surrounded_room
D:5:      layout_basic, lemuel_round_altar, serial_shops,
          nicolae_shop_waterfront

Skill      XL: |  1  2  3  4  5  6 |
---------------+-------------------+-----
Long Blades    | 3 |  3.3
Spellcasting   | 1 2 |  2.5
Hexes          | 1 2 |  2.4
Fighting       | 3 |  3.5
Short Blades   | 1 2 |  2.0
Throwing       | |  1.7
Dodging        | |  2.6
Stealth        | |  0.5

Action                     |  1- 3 |  4- 6 || total
---------------------------+-------+-------++-------
  Melee: Long sword        |    31 |       ||    31
         Short sword       |    54 |    10 ||    64
         Punch             |     3 |       ||     3
         Dagger            |    30 |    47 ||    77
         Headbutt          |    13 |    16 ||    29
  Throw: Throwing net      |       |     3 ||     3
    Use: Scroll            |     5 |    11 ||    16
   Stab: Sleeping          |     6 |     5 ||    11
         Held in net/web   |       |     1 ||     1
 Armour: Leather armour    |    34 |    11 ||    45
  Dodge: Dodged            |    75 |    22 ||    97

Table legend: (Time is in decaauts)
 A = Elapsed time spent in this place.
 B = Non-inter-level travel time spent in this place.
 C = Inter-level travel time spent in this place.
 D = Time resting spent in this place.
 E = Time spent auto-exploring this place.
 F = Levels seen in this place.
 G = Mean time per level.
                   A        B        C        D        E       F      G
               +--------+--------+--------+--------+--------+-----+--------+
         Total |   3072 |   3027 |     45 |      2 |   2115 |   5 |  614.4 |
       Dungeon |   3072 |   3027 |     45 |      2 |   2115 |   5 |  614.4 |
               +--------+--------+--------+--------+--------+-----+--------+

Top non-repeatable levels by time:
     D:3: 791 daAuts
     D:2: 790 daAuts
     D:4: 777 daAuts
     D:1: 602 daAuts
     D:5: 110 daAuts
